 Dungeon Crawl Stone Soup version 0.28-a0-1518-gbe868bca14 (webtiles) character file.

Game seed: 1208298296042613873

133723 comborobin the Brawler (level 16, -6/259 HPs)
             Began as a Troll Brigand on Jan 16, 2022.
             Was the Champion of Cheibriados.
             Killed from afar by a purple draconian knight (39 damage)
             ... with a bolt of cold
             ... in a wizard's laboratory on Jan 17, 2022.
             The game lasted 01:21:13 (29139 turns).

comborobin the Brawler (Troll Brigand)             Turns: 29139, Time: 01:21:13

Health: -6/259     AC:  8    Str: 42    XL:     16   Next: 60%
Magic:  21/21      EV: 20    Int: 26    God:    Cheibriados [******]
Gold:   2073       SH:  0    Dex: 24    Spells: 7/23 levels left

rFire   + . .      SeeInvis .     - Unarmed
rCold   . . .      Faith    .   (no shield)
rNeg    . . .      Spirit   .   Z - +1 troll leather armour
rPois   .          Reflect  .   J - +0 hat of the Hidden Vale {rC+ Str+4}
rElec   .          Harm     .   x - +0 cloak
rCorr   .          Rampage  .   (gloves unavailable)
Will    +....      Clarity  +   (boots unavailable)
Stlth   ..........              W - amulet of regeneration
HPRegen 2.93/turn               I - ring of fire
MPRegen 0.17/turn               D - +4 ring of evasion

@: berserking (expiring), studying Bows, very slow
A: large, unfitting armour, claws 3, regeneration 1, shaggy fur 1, tough skin 1,
clarity, clumsy 1, dopey 1, robust 1, MP-powered wands
a: Renounce Religion, Bend Time, Temporal Distortion, Slouch, Step From Time


You were in a wizard's laboratory.
You worshipped Cheibriados.
Cheibriados was exalted by your worship.
You visited 5 branches of the dungeon, and saw 25 of its levels.
You visited the Abyss 2 times.
You also visited: Gauntlet and Wizlab.

You collected 2410 gold pieces.
You spent 337 gold pieces at shops.

Inventory:

Hand Weapons
 b - a +4 hand axe of flaming
Missiles
 a - 2 throwing nets
 m - 14 large rocks (quivered)
 F - 4 curare-tipped darts
Armour
 x - a +0 cloak (worn)
 C - the +2 robe "Ixkuq" {rN+ Int+2 Dex-2}
   (You found it on level 10 of the Dungeon)

   Int:       It affects your intelligence (+2).
   Dex:       It affects your dexterity (-2).
   rN:        It protects you from negative energy.
 G - a +2 robe of resistance
 J - the +0 hat of the Hidden Vale (worn) {rC+ Str+4}
   (You found it in a Gauntlet)

   Str:       It affects your strength (+4).
   rC:        It protects you from cold.
 K - a +1 tower shield of reflection
 Z - a +1 troll leather armour (worn)
Magical Staves
 i - a staff of earth
Jewellery
 c - a ring of willpower
 e - a ring of the Octopus King {rC+ AC+1 EV+1 Str+1 Int+1 Dex+1}
   (You took it off a minotaur in a Gauntlet)

   [ring of protection from cold]

   AC:        It affects your AC (+1).
   EV:        It affects your evasion (+1).
   Str:       It affects your strength (+1).
   Int:       It affects your intelligence (+1).
   Dex:       It affects your dexterity (+1).
   rC:        It protects you from cold.
 k - a ring of resist corrosion
 t - an amulet of reflection
 u - a ring of ice
 D - a +4 ring of evasion (right claw)
 I - a ring of fire (left claw)
 N - a +6 ring of dexterity
 U - the amulet "Tuggeavo" {Faith +Blink rC+}
   (You found it in a Gauntlet)

   [amulet of faith]

   It allows you to gain divine favour quickly.
   rC:        It protects you from cold.
   +Blink:    It lets you blink.
 W - an amulet of regeneration (around neck)
 Y - a +4 ring of slaying
Wands
 r - a wand of flame (43)
 A - a wand of charming (6)
 B - a wand of digging (7)
 E - a wand of paralysis (2)
 O - a wand of mindburst (8)
 P - a wand of polymorph (7)
 T - a wand of iceblast (9)
Scrolls
 g - a scroll of noise
 j - a scroll of vulnerability
 l - 4 scrolls of magic mapping
 q - 6 scrolls of identify
 v - 5 scrolls of teleportation
 y - a scroll of torment
 Q - 4 scrolls of fear
 R - 2 scrolls of fog
 S - 2 scrolls of enchant armour
 V - a scroll of amnesia
Potions
 d - a potion of berserk rage
 f - 2 potions of lignification
 h - 2 potions of magic
 n - a potion of ambrosia
 o - a potion of cancellation
 p - 8 potions of curing
 s - 2 potions of attraction
 w - 3 potions of mutation
 z - a potion of brilliance
 H - 3 potions of heal wounds
 L - a potion of flight
 M - 3 potions of resistance
 X - a potion of invisibility


   Skills:
 - Level 10.1 Fighting
 - Level 1.5 Short Blades
 - Level 8.0 Throwing
 - Level 2.0 Armour
 - Level 8.0 Dodging
 - Level 2.1 Stealth
 - Level 17.6 Unarmed Combat
 - Level 4.3 Spellcasting
 - Level 7.0 Transmutations
 - Level 6.0 Ice Magic
 + Level 8.0 Earth Magic
 - Level 8.0 Invocations


You had 7 spell levels left.
You knew the following spells:

 Your Spells              Type           Power      Damage    Failure   Level
a - Ice Form              Ice/Tmut       39%        N/A       6%          4
o - Ozocubu's Armour      Ice            36%        N/A       2%          3
r - Frozen Ramparts       Ice            72%        1d9       2%          3
T - Statue Form           Tmut/Erth      29%        N/A       52%         6

Your spell library contained the following spells:

 Spells                   Type           Power      Damage    Failure   Level
 Sting                    Tmut/Pois      92%        1d7       1%          1
 Ensorcelled Hibernation  Hex/Ice        42%        N/A       3%          2
 Spider Form              Tmut/Pois      23%        N/A       6%          3
 Magic Dart               Conj           20%        1d4       9%          1
 Lee's Rapid Deconstruct  Erth           23%        3d14*     9%          5
 Call Imp                 Summ           5%         N/A       13%         2
 Poisonous Vapours        Pois/Air       10%        N/A       13%         2
 Searing Ray              Conj           10%        2d4       13%         2
 Leda's Liquefaction      Hex/Erth       13%        N/A       17%         4
 Gell's Gravitas          Tloc           5%         N/A       26%         3
 Mephitic Cloud           Conj/Pois/Air  5%         N/A       26%         3
 Teleport Other           Tloc           5%         N/A       26%         3
 Summon Ice Beast         Ice/Summ       21%        N/A       26%         4
 Anguish                  Hex/Necr       2%         N/A       65%         4
 Fulminant Prism          Conj/Hex       2%         3d6       65%         4
 Olgreb's Toxic Radiance  Pois           5%         N/A       65%         4
 Ozocubu's Refrigeration  Ice            18%        4d8       99%         7
 Dispersal                Tloc           2%         N/A       100%        6


Dungeon Overview and Level Annotations

Branches:
Dungeon (15/15)            Temple (1/1) D:6            Lair (6/6) D:8
  Swamp (0/4) Lair:4       Spider (0/4) Lair:4        Slime (0/5) Lair:6
    Orc (2/2) D:10            Elf (1/3) Orc:2        Vaults (0/5) D:13
 Depths (0/4) D:15         WizLab (1/1)             Gauntlet (visited)

Altars:
Ashenzari
Cheibriados
Elyvilon
Fedhas
Gozag
Hepliaklqana
Kikubaaqudgha
Makhleb
Nemelex Xobeh
Okawaru
Qazlal
Ru
Sif Muna
Trog
Uskayaw
Vehumet
Wu Jian
Xom
Yredelemnul
Zin
The Shining One
Lugonu

Shops:
D:4 *   D:8 (   D:9 (   Orc:2 [:??

Portals:
Abyss: Lair:6
Pandemonium: Orc:2

Annotations:
Lair:1 Deutih's ghost, journeyman OpTm; Xos Poh's ghost, journeyman MiBe; snackwell's ghost, journeyman TrHu
Orc:2 exclusion: upstairs WizLab exclusion: statue


Innate Abilities, Weirdness & Mutations

You are too large for most types of armour.
You have claws for hands.
Your natural rate of healing is unusually fast.
You are covered in fur. (AC +1)
You have tough skin. (AC +1)
You possess an exceptional clarity of mind.
You are clumsy. (Dex -2)
You are dopey. (Int -2)
You are robust. (+10% HP)
You expend magic power (3 MP) to strengthen your wands.


Message History

You claw the purple draconian knight!
The purple draconian knight blocks your attack.
The purple draconian knight is lightly wounded.
The purple draconian knight points at you and mumbles some strange words.
The bolt of cold hits you!!!
You scratch the purple draconian knight.
The purple draconian knight is lightly wounded.
The purple draconian knight hits you with a +1 long sword of holy wrath!!
The purple draconian knight blocks your attack.
The purple draconian knight is lightly wounded.
The purple draconian knight blocks your attack.
The purple draconian knight is lightly wounded.
The purple draconian knight hits you but does no damage.
The purple draconian knight blocks your attack. x2
The purple draconian knight is lightly wounded.
The purple draconian knight hits you with a +1 long sword of holy wrath!!
The purple draconian knight blocks your attack.
The purple draconian knight is lightly wounded.
The purple draconian knight blocks your attack.
The purple draconian knight is lightly wounded.
The purple draconian knight hits you with a +1 long sword of holy wrath!!
You mangle the purple draconian knight!!
The purple draconian knight is heavily wounded.
The purple draconian knight breathes dispelling energy at you.
The bolt of dispelling energy hits you!!!
* * * LOW HITPOINT WARNING * * *
You scratch the purple draconian knight.
The purple draconian knight is heavily wounded.
You claw the purple draconian knight!
The purple draconian knight is severely wounded.
The purple draconian knight hits you with a +1 long sword of holy wrath.
* * * LOW HITPOINT WARNING * * *
The purple draconian knight blocks your attack.
The purple draconian knight is severely wounded.
The purple draconian knight hits you with a +1 long sword of holy wrath!
* * * LOW HITPOINT WARNING * * *
You are too berserk!
The purple draconian knight gestures at you while chanting.
The bolt of cold hits you!!!
You die...

##.#..........##
##.##.....§.#. #.#......§§#
q.8 #.[.......#.§ .{*
#.#........# # ..
##)##.......#.# ..
##)#..........## . #'#
##÷###........#.# #.
#.###.#@#..........## .
#.##'##.#q#..........#.# ..
#...{[###............##
...#.##.##.#..........§§#§#
.....#...#†..............#
.......................§#.#
......................§#.##
.......................# #
.......#.............##§


You could see a purple draconian knight (catching breath).

Vanquished Creatures
  Jorgrun (D:13)
  A tentacled starspawn (Abyss:2)
  Frances (D:12)
  Kirke (Lair:4)
  Roxanne (D:14)
  An orc warlord (Orc:2)
  A very ugly thing (Abyss:2)
  Azrael (D:14)
  A dire elephant (D:15)
  A minotaur (Gauntlet)
  7 purple draconians (WizLab)
  5 statues (WizLab)
  The ghost of Foxy the Grappler, a journeyman TrMo of Gozag (D:9)
  4 vault guards (D:13)
  11 hydras
  Fannar (D:9)
  A fire dragon (D:14)
  5 boulder beetles
  A demonspawn (Orc:2)
  2 ogre magi (D:15)
  2 catoblepae
  A centaur warrior (D:15)
  11 two-headed ogres
  8 death yaks
  2 spriggans (Lair:6)
  4 orc high priests (Orc:2)
  5 thrashing horrors
  A sixfirhy (Orc:2)
  2 wizards (D:10)
  2 starcursed masses (Abyss:2)
  A bunyip skeleton (Abyss:2)
  7 deep elf pyromancers
  9 orc knights
  8 orc sorcerers (Orc:2)
  A shining eye (Gauntlet)
  42 ugly things
  3 manticores
  A wolf spider (D:15)
  A moth of wrath (shapeshifter) (Lair:6)
  A manticore (shapeshifter) (D:14)
  Maurice (D:13)
  3 cyclopes
  12 elephants
  Joseph (D:8)
  4 black mambas
  A torpor snail (Gauntlet)
  8 cane toads
  2 smoke demons (Lair:6)
  An unseen horror (Abyss:2)
  A gargoyle (D:9)
  A komodo dragon (shapeshifter) (D:15)
  An unseen horror (shapeshifter) (Lair:6)
  2 kobold demonologists (D:10)
  5 komodo dragons
  2 efreet
  6 rime drakes
  An ice devil (D:9)
  A red devil (Orc:2)
  11 tengu conjurers (WizLab)
  A hellwing (Orc:2)
  2 ancient zymes (Lair:6)
  4 trolls
  3 polar bears
  Prince Ribbit (D:8)
  21 blink frogs
  3 meliai (D:14)
  2 hornets
  6 slime creatures
  6 dream sheep (Lair:5)
  Sigmund (D:5)
  3 wyverns
  A spriggan (shapeshifter) (Lair:6)
  34 yaks
  4 flying skulls
  3 wraiths
  2 vampires
  4 ynoxinuls
  Grum (D:8)
  A fire elemental (D:14)
  A water elemental (Elf:1)
  4 chaos spawn
  A golden eye (Gauntlet)
  6 basilisks
  A steam dragon (Lair:5)
  2 neqoxecs
  6 vampire mosquitoes
  3 wargs
  Edmund (D:5)
  3 swamp worms (Lair:4)
  4 hell hounds
  Duvessa (D:5)
  An acid dragon (D:12)
  7 water moccasins
  34 orc warriors
  A sky beast (D:6)
  3 large abominations
  5 ice beasts
  A black bear (D:5)
  10 ogres
  5 boggarts (D:15)
  44 wolves
  2 necrophages
  4 centaurs
  4 phantoms
  9 bullfrogs
  2 kobold brigands
  Blork the orc (D:5)
  A wyvern zombie (D:7)
  A gnoll sergeant (D:7)
  A scorpion (D:6)
  2 troll zombies (D:10)
  Dowan (D:5)
  2 wights (Abyss:2)
  16 killer bees
  7 jellies
  13 electric eels
  11 small abominations
  A crimson imp (Abyss:2)
  A bullfrog zombie (D:6)
  A quasit (Abyss:2)
  2 centaur zombies
  2 bullfrog skeletons
  24 orc priests
  Jessica (D:3)
  13 orc wizards
  3 iguanas
  4 ogre zombies (D:10)
  9 gnolls
  9 adders
  4 white imps
  A howler monkey simulacrum (D:9)
  A worm (D:5)
  A dart slug (D:3)
  66 orcs
  10 endoplasms
  5 giant cockroaches
  7 goblins
  10 hobgoblins
  2 jackals (D:2)
  A quokka (D:2)
  8 ball pythons
  A bat (D:1)
  2 frilled lizards
  A goblin skeleton (D:10)
  2 goblin zombies (D:10)
  A hobgoblin skeleton (D:10)
  2 hobgoblin zombies (D:10)
  12 kobolds
  An orc skeleton (D:10)
  12 orc zombies (D:10)
  2 rats
  2 starspawn tentacles (Abyss:2)
772 creatures vanquished.

Vanquished Creatures (others)
  5 humans (Lair:4)
  3 bushes (Lair:4)
  34 fungi
  66 plants
  6 starspawn tentacles (Abyss:2)
  4 withered plants (Lair:1)
118 creatures vanquished.

Grand Total: 890 creatures vanquished

Notes
Turn   | Place    | Note
-------+----------+-------------------------------------------
     0 | D:1      | comborobin the Troll Brigand began the quest for the Orb.
     0 | D:1      | Reached XP level 1. HP: 19/19 MP: 0/0
    12 | D:1      | Reached skill level 1 in Dodging
    12 | D:1      | Reached skill level 1 in Unarmed Combat
    12 | D:1      | Reached XP level 2. HP: 22/28 MP: 1/1
   372 | D:1      | Found a faded altar of an unknown god.
   819 | D:2      | Reached XP level 3. HP: 31/35 MP: 2/2
   933 | D:2      | Reached skill level 2 in Unarmed Combat
  1297 | D:3      | Reached XP level 4. HP: 42/42 MP: 3/3
  1348 | D:3      | Learned a level 3 spell: Spider Form
  1406 | D:3      | Noticed Jessica
  1426 | D:3      | Killed Jessica
  1520 | D:3      | Reached skill level 3 in Unarmed Combat
  1696 | D:4      | Found Poefiden's Overcharged Wands.
  1732 | D:4      | Found a sparkling altar of Nemelex Xobeh.
  1732 | D:4      | Found a blossoming altar of Fedhas.
  1796 | D:4      | Reached XP level 5. HP: 50/50 MP: 4/4
  2096 | D:4      | Reached skill level 4 in Unarmed Combat
  2160 | D:4      | Reached XP level 6. HP: 59/59 MP: 5/5
  2615 | D:5      | Entered Level 5 of the Dungeon
  2782 | D:5      | Noticed Duvessa
  2782 | D:5      | Noticed Dowan
  2785 | D:5      | Noticed Sigmund
  2799 | D:5      | Killed Duvessa
  2800 | D:5      | Reached skill level 5 in Unarmed Combat
  2800 | D:5      | Reached XP level 7. HP: 67/67 MP: 6/6
  2804 | D:5      | Killed Dowan
  2807 | D:5      | Killed Sigmund
  2833 | D:5      | Noticed Edmund
  2847 | D:5      | Killed Edmund
  2848 | D:5      | Reached skill level 6 in Unarmed Combat
  2927 | D:5      | Reached XP level 8. HP: 64/78 MP: 7/7
  3235 | D:5      | Noticed Blork the orc
  3242 | D:5      | Killed Blork the orc
  3391 | D:6      | Reached skill level 7 in Unarmed Combat
  3829 | D:6      | Found a staircase to the Ecumenical Temple.
  3895 | Temple   | Entered the Ecumenical Temple
  3940 | Temple   | Became a worshipper of Cheibriados the Contemplative
  4862 | D:7      | Reached skill level 5 in Fighting
  4862 | D:7      | Reached skill level 8 in Unarmed Combat
  4927 | D:7      | Reached XP level 9. HP: 77/88 MP: 8/8
  5004 | D:7      | Reached skill level 5 in Dodging
  5392 | D:8      | Noticed Joseph
  5403 | D:8      | Killed Joseph
  5404 | D:8      | Reached skill level 9 in Unarmed Combat
  5490 | D:8      | Reached skill level 10 in Unarmed Combat
  5494 | D:8      | Reached skill level 1 in Invocations
  5525 | D:8      | Found Xataveq's Antique Weapon Boutique.
  5539 | D:8      | Gained mutation: You have hidden genetic defects. [potion
                  | of mutation]
  5539 | D:8      | Gained mutation: You are agile. (Dex +2) [potion of
                  | mutation]
  5539 | D:8      | Gained mutation: You are very agile. (Dex +4) [potion of
                  | mutation]
  5546 | D:8      | Lost mutation: You have hidden genetic defects. [potion of
                  | mutation]
  5546 | D:8      | Lost mutation: You are very agile. (Dex +4) [potion of
                  | mutation]
  5546 | D:8      | Lost mutation: You are agile. (Dex +2) [potion of mutation]
  5546 | D:8      | Gained mutation: Your spells are a little harder to cast,
                  | but a little more powerful. [potion of mutation]
  5546 | D:8      | Gained mutation: You tend to lose your temper in combat.
                  | [potion of mutation]
  5546 | D:8      | Gained mutation: You are weak. (Str -2) [potion of
                  | mutation]
  5566 | D:8      | Reached * piety under Cheibriados
  5567 | D:8      | Reached XP level 10. HP: 37/96 MP: 11/11
  5709 | D:8      | Found a staircase to the Lair.
  5790 | D:7      | Reached skill level 11 in Unarmed Combat
  5813 | D:8      | Noticed Grum
  5827 | D:8      | Killed Grum
  5880 | D:8      | Found a burning altar of Makhleb.
  5946 | D:8      | Noticed Prince Ribbit
  5969 | D:8      | Killed Prince Ribbit
  6420 | D:9      | Found Peon's Weapon Shoppe.
  6426 | D:9      | Bought a +2 hand axe of flaming for 278 gold pieces
  6461 | D:9      | Reached skill level 5 in Invocations
  6587 | D:9      | Noticed a two-headed ogre
  6596 | D:9      | Killed a two-headed ogre
  6596 | D:9      | Reached ** piety under Cheibriados
  6597 | D:9      | Reached skill level 12 in Unarmed Combat
  6817 | D:9      | Noticed Foxy's ghost (journeyman TrMo)
  6856 | D:9      | Found a runed translucent gate.
  6857 | D:9      | Found a runed translucent gate.
  6857 | D:9      | Found a runed translucent gate.
  6892 | D:9      | Learned a level 3 spell: Frozen Ramparts
  7321 | D:9      | Reached skill level 1 in Ice Magic
  7441 | D:9      | Found a hazy altar of Hepliaklqana.
  7450 | D:9      | Found a shimmering blue altar of Sif Muna.
  7453 | D:9      | Found a glowing silver altar of Zin.
  7655 | D:9      | Reached skill level 1 in Spellcasting
  7845 | D:10     | Entered Level 10 of the Dungeon
  7873 | D:9      | Reached *** piety under Cheibriados
  7887 | D:10     | Reached XP level 11. HP: 104/104 MP: 14/14
  7948 | D:10     | Noticed Fannar
  8378 | D:9      | Lost mutation: Your spells are a little harder to cast, but
                  | a little more powerful. [potion of mutation]
  8378 | D:9      | Lost mutation: You tend to lose your temper in combat.
                  | [potion of mutation]
  8378 | D:9      | Gained mutation: You tend to lose your temper in combat.
                  | [potion of mutation]
  8378 | D:9      | Gained mutation: You are agile. (Dex +2) [potion of
                  | mutation]
  8378 | D:9      | Gained mutation: You sometimes lose the ability to read
                  | scrolls when taking damage. [potion of mutation]
  8567 | D:9      | Killed Foxy's ghost
  8735 | D:10     | Found a staircase to the Orcish Mines.
  8739 | D:10     | Noticed a two-headed ogre
  8754 | D:10     | Killed a two-headed ogre
  8957 | D:10     | Lost mutation: You are weak. (Str -2) [potion of mutation]
  8957 | D:10     | Lost mutation: You tend to lose your temper in combat.
                  | [potion of mutation]
  8957 | D:10     | Lost mutation: You are agile. (Dex +2) [potion of mutation]
  8957 | D:10     | Gained mutation: Your spells are a little easier to cast,
                  | but a little less powerful. [potion of mutation]
  8958 | D:10     | Lost mutation: You sometimes lose the ability to read
                  | scrolls when taking damage. [potion of mutation]
  8958 | D:10     | Lost mutation: Your spells are a little easier to cast, but
                  | a little less powerful. [potion of mutation]
  8958 | D:10     | Gained mutation: You possess an exceptional clarity of
                  | mind. [potion of mutation]
  8958 | D:10     | Gained mutation: You expend magic power (3 MP) to
                  | strengthen your wands. [potion of mutation]
  8958 | D:10     | Gained mutation: You are robust. (+10% HP) [potion of
                  | mutation]
  9334 | D:10     | Noticed a white ugly thing
  9337 | D:10     | Noticed a brown ugly thing
  9338 | D:10     | Noticed a green ugly thing
  9338 | D:10     | Noticed a purple ugly thing
  9678 | D:10     | Noticed a green ugly thing
  9680 | D:10     | Noticed a white ugly thing
  9685 | D:10     | Killed a green ugly thing
  9691 | D:10     | Killed a green ugly thing
  9696 | D:10     | Killed a brown ugly thing
  9697 | D:10     | Killed a green ugly thing
  9697 | D:10     | Reached **** piety under Cheibriados
 10012 | D:10     | Killed a green ugly thing
 10018 | D:10     | Killed a white ugly thing
 10228 | D:10     | Noticed a wizard
 10228 | D:10     | Noticed a brown very ugly thing
 10244 | D:10     | Cast into level 2 of the Abyss (a wizard)
 10424 | Abyss:2  | Gained mutation: You are clumsy. (Dex -2) [a neqoxec]
 10466 | Abyss:2  | Noticed a tentacled starspawn
 10490 | Abyss:2  | Noticed a thrashing horror
 10490 | Abyss:2  | Noticed a thrashing horror
 10500 | Abyss:2  | Killed a thrashing horror
 10509 | Abyss:2  | Killed a thrashing horror
 10561 | Abyss:2  | Noticed a lich
 10623 | D:10     | Escaped the Abyss
 10636 | D:10     | Killed a wizard
 10637 | D:10     | Reached skill level 5 in Throwing
 10637 | D:10     | Reached skill level 13 in Unarmed Combat
 10642 | D:10     | Identified the +1 scale mail of the Orcish Mines {-Cast
                  | rN++ Dex+4}
 10688 | D:10     | Noticed a wizard
 10693 | D:10     | Cast into level 2 of the Abyss (a wizard)
 10740 | Abyss:2  | Noticed a tentacled starspawn
 10769 | Abyss:2  | Killed a tentacled starspawn
 10780 | Abyss:2  | Noticed a starcursed mass
 10806 | Abyss:2  | Noticed a green very ugly thing
 10807 | Abyss:2  | Killed a starcursed mass
 10809 | Abyss:2  | Killed a starcursed mass
 10816 | Abyss:2  | Killed a green very ugly thing
 10824 | D:10     | Escaped the Abyss
 10829 | D:10     | Killed a wizard
 10838 | D:10     | Identified the +2 robe "Ixkuq" {rN+ Int+2 Dex-2}
 11008 | D:11     | Noticed a skeletal warrior
 11008 | D:11     | Noticed a skeletal warrior
 11009 | D:11     | Noticed a skeletal warrior
 11178 | D:11     | Reached XP level 12. HP: 111/129 MP: 15/15
 11232 | D:11     | Learned a level 3 spell: Ozocubu's Armour
 11443 | D:9      | Killed Fannar
 11580 | Lair:1   | Entered Level 1 of the Lair of Beasts
 11954 | Lair:1   | Found a runed translucent gate.
 11955 | Lair:1   | Found a runed translucent gate.
 11957 | Lair:1   | Found a runed translucent gate.
 11958 | Lair:1   | Noticed snackwell's ghost (journeyman TrHu)
 11958 | Lair:1   | Noticed Deutih's ghost (journeyman OpTm)
 11959 | Lair:1   | Noticed Xos Poh's ghost (journeyman MiBe)
 13016 | Lair:2   | Reached skill level 14 in Unarmed Combat
 13049 | Lair:2   | Noticed a catoblepas
 13060 | Lair:2   | Killed a catoblepas
 13185 | Lair:2   | Reached ***** piety under Cheibriados
 14789 | Lair:4   | Noticed Kirke
 14801 | Lair:4   | Killed Kirke
 14893 | Lair:4   | Noticed a death yak
 14894 | Lair:4   | Noticed a death yak
 14895 | Lair:4   | Noticed a death yak
 14912 | Lair:4   | Killed a death yak
 14913 | Lair:4   | Reached skill level 15 in Unarmed Combat
 14916 | Lair:4   | Killed a death yak
 14917 | Lair:4   | Reached XP level 13. HP: 123/144 MP: 8/16
 15147 | Lair:4   | Reached skill level 10 in Fighting
 15771 | Lair:4   | Found a staircase to the Swamp.
 16079 | Lair:4   | Found a hole to the Spider Nest.
 17055 | Lair:6   | Entered Level 6 of the Lair of Beasts
 17200 | Lair:6   | Reached ****** piety under Cheibriados
 17733 | Lair:6   | Found a staircase to the Slime Pits.
 17819 | Lair:6   | Reached skill level 16 in Unarmed Combat
 17819 | Lair:6   | Reached XP level 14. HP: 144/157 MP: 18/18
 18743 | Lair:6   | Reached skill level 5 in Ice Magic
 19040 | Lair:6   | Found a corrupted altar of Lugonu.
 19040 | Lair:6   | Found a one-way gate to the infinite horrors of the Abyss.
 19970 | D:12     | Noticed Frances
 19982 | D:12     | Killed Frances
 20605 | D:12     | Learned a level 4 spell: Ice Form
 21027 | D:13     | Found a gate leading to a gauntlet.
 21036 | Gauntlet | Entered a Gauntlet
 21036 | Gauntlet | Found a runed translucent gate.
 21036 | Gauntlet | Found a transporter.
 21036 | Gauntlet | Found a runed translucent gate.
 21036 | Gauntlet | Found a runed translucent gate.
 21036 | Gauntlet | Found a runed translucent door.
 21036 | Gauntlet | Found a transporter.
 21037 | Gauntlet | Found a runed translucent door.
 21046 | Gauntlet | Found a transporter.
 21050 | Gauntlet | Found a transporter.
 21058 | Gauntlet | Found a transporter.
 21062 | Gauntlet | Found a transporter.
 21070 | Gauntlet | Found a transporter.
 21087 | Gauntlet | Found a transporter.
 21104 | Gauntlet | Found a transporter.
 21105 | Gauntlet | Found a transporter.
 21113 | Gauntlet | Found a transporter.
 21117 | Gauntlet | Found a transporter.
 21202 | Gauntlet | Gained mutation: You are dopey. (Int -2) [a shining eye]
 21220 | Gauntlet | Identified the +0 hat of the Hidden Vale {rC+ Str+4}
 21233 | Gauntlet | Noticed an emperor scorpion
 21233 | Gauntlet | Noticed a stone giant
 21233 | Gauntlet | an emperor scorpion changed into a stone giant
 21235 | Gauntlet | a stone giant changed into an eleionoma
 21247 | Gauntlet | Noticed a shadow dragon
 21247 | Gauntlet | Noticed a frost giant
 21247 | Gauntlet | a shadow dragon changed into a frost giant
 21248 | Gauntlet | Noticed a fire giant
 21248 | Gauntlet | a frost giant changed into a fire giant
 21289 | Gauntlet | Noticed a broodmother
 21289 | Gauntlet | an entropy weaver changed into a broodmother
 21292 | Gauntlet | a broodmother changed into an entropy weaver
 21297 | Gauntlet | Noticed an emperor scorpion
 21297 | Gauntlet | an entropy weaver changed into an emperor scorpion
 21302 | Gauntlet | Noticed a quicksilver ooze
 21302 | Gauntlet | an emperor scorpion changed into a quicksilver ooze
 21306 | Gauntlet | a quicksilver ooze changed into a death yak
 21314 | Gauntlet | Identified the amulet "Tuggeavo" {Faith +Blink rC+}
 21320 | Gauntlet | Noticed a quicksilver ooze
 21320 | Gauntlet | an ettin changed into a quicksilver ooze
 21321 | Gauntlet | a quicksilver ooze changed into something unseen
 21338 | Gauntlet | Found the ring of the Octopus King {rC+ AC+1 EV+1 Str+1
                  | Int+1 Dex+1}
 21627 | D:13     | Reached skill level 17 in Unarmed Combat
 21821 | D:13     | Found the +11 plutonium sword {Contam Stlth-}
 21858 | D:13     | Noticed Jorgrun
 22289 | D:14     | Noticed Azrael
 22295 | D:14     | Killed Azrael
 22322 | D:14     | Reached XP level 15. HP: 89/163 MP: 20/20
 22496 | D:14     | Reached skill level 1 in Transmutations
 22802 | D:14     | Noticed Roxanne
 22805 | D:15     | Entered Level 15 of the Dungeon
 23257 | D:15     | Found a staircase to the Depths.
 23503 | D:15     | Reached skill level 5 in Transmutations
 23805 | D:15     | Reached skill level 1 in Earth Magic
 24025 | D:15     | Paralysed by something for 4 turns
 24155 | D:15     | Found a faded altar of an unknown god.
 24156 | D:15     | Found a hazy altar of Hepliaklqana.
 24558 | D:14     | Killed Roxanne
 24568 | D:14     | Learned a level 6 spell: Statue Form
 25031 | D:13     | Noticed Maurice
 25208 | D:13     | Killed Jorgrun
 25278 | D:13     | Killed Maurice
 25365 | D:13     | Found a gate to the Vaults.
 25552 | Orc:1    | Entered Level 1 of the Orcish Mines
 25689 | Orc:2    | Entered Level 2 of the Orcish Mines
 25806 | Orc:1    | Noticed an orc warlord
 26083 | Orc:2    | Reached skill level 5 in Earth Magic
 26083 | Orc:2    | Reached XP level 16. HP: 173/173 MP: 21/21
 26896 | Orc:2    | Paralysed by an orc sorcerer for 7 turns
 27291 | Orc:2    | Found Tuteodal's Magic Scroll Emporium.
 27293 | Orc:2    | Found Dygu's Magic Scroll Shoppe.
 27824 | Orc:2    | Found Siodd's Antique Armour Boutique.
 27824 | Orc:2    | Found a one-way gate leading to the halls of Pandemonium.
 27824 | Orc:2    | Found Rihuyc's Book Shop.
 27830 | Orc:2    | Bought an embroidered robe for 59 gold pieces
 28403 | Orc:2    | Found a staircase to the Elven Halls.
 28421 | Elf:1    | Entered Level 1 of the Elven Halls
 28472 | Elf:1    | Reached skill level 1 in Armour
 28542 | Elf:1    | Found a magical portal.
 28551 | WizLab   | Entered Iskenderun's Mystic Tower
 29139 | WizLab   | Killed from afar by a purple draconian knight

Illustrated notes

Levels and vault maps discovered:
D:1:      matt_arrival_diagonals, layout_basic,
          dreamdust_ecumenical_altar_sealed_demon, amcnicky_mini_pool_small
D:2:      layout_basic, kennysheep_generic_room_12
D:3:      layout_rooms, uniq_jessica
D:4:      layout_loops_corners, mainiacjoe_overflow_divided_tiny,
          nicolae_shop_overcharged_wands
D:5:      layout_loops_ring, uniq_duvessa, uniq_blork_the_orc, uniq_sigmund,
          uniq_edmund
D:6:      layout_layer_cave, temple_green, minmay_fountain_box
D:7:      layout_loops_ring, minivault_24, hex_tiny
D:8:      layout_rooms, overflow_temple_1_default, lair_entry_dummy,
          serial_shops, shop, st_stairs_13, serial_bayou_lagoon_b, uniq_joseph,
          uniq_prince_ribbit1, uniq_grum
D:9:      layout_loops_ring, minitemple, gammafunk_ghost_icy, serial_bayou,
          serial_bayou_lake_a, serial_bayou_shore_b, serial_bayou_ford_a,
          serial_bayou_pond_e, serial_shops, shop
D:10:     cheibrodos_breeding_chamber, layout_irregular_city, zombieorc1_lemuel,
          uniq_fannar
D:11:     layout_stronghold, grunt_ministairs_1
D:12:     layout_roguey, uniq_frances
D:13:     layout_basic, lightli_vaults_fourway_checkpoint,
          gauntlet_entry_generic, uniq_maurice, uniq_jorgrun
D:14:     layout_gridville, minmay_misc_feat_diagonals, uniq_azrael,
          uniq_roxanne
D:15:     hangedman_depths_entry_try_elsewhere_first, layout_basic,
          chequers_jeans, beargit_hepliaklqana_dungeon_heroes
Temple:   nicolae_temple_x_marks_the_god
Lair:1:   layout_layer_cave, gammafunk_ghost_cemetery, serial_bayou_lagoon_a,
          serial_bayou_shore_b
Lair:2:   layout_big_grid, infiniplex_staircase_pool, lemuel_fruit_fields,
          serial_bayou_shore_a
Lair:3:   layout_loops_ring
Lair:4:   layout_cave_pods, palyth_hydra_swamp_entry, spider_nest_entry_a,
          serial_bayou, serial_bayou_pond_a, serial_bayou_pond_d,
          serial_bayou_crossing, serial_bayou_shore_b, minmay_hedge_maze,
          nicolae_lair_yak_garden, lemuel_fruit_fields, uniq_kirke
Lair:5:   layout_regular_city, grunt_megastairs_3
Lair:6:   hellmonk_lair_end_abyssal_woods, layout_small_grid,
          nicolae_slime_entry_slimehenge, grunt_forest_large_clearings,
          lemuel_fruit_fields
Orc:1:    cheibrodos_orc_bank, layout_caves
Orc:2:    pf_orc_diabolical, layout_caves
Elf:1:    eino_elf_arrival_customs, layout_gridlike, serial_shops,
          nicolae_shop_crystal, shop, basic_altar,
          lightli_enter_wizlab_magi_temple, minmay_elf_crystal_heptagon,
          roderic_lattice_octagonal_star
WizLab:   wizlab_iskenderun

Skill      XL: |  1  2  3  4  5  6  7  8  9 10 11 12 13 14 15 16 |
---------------+-------------------------------------------------+-----
Dodging        | 1 2 3 4 5 6 7 8 |  8.0
Unarmed Combat | 1 2 3 4 5 6 8 10 12 13 15 16 17 | 17.6
Fighting       | 2 3 4 5 7 9 10 | 10.1
Invocations    | 3 5 6 7 8 |  8.0
Throwing       | 2 5 6 7 8 |  8.0
Ice Magic      | 2 3 4 6 |  6.0
Spellcasting   | 1 2 3 4 |  4.3
Transmutations | 6 7 |  7.0
Earth Magic    | 5 8 |  8.0
Armour         | 2 |  2.0
Short Blades   | |  1.5
Stealth        | |  2.1

Action                   |  1- 3 |  4- 6 |  7- 9 | 10-12 | 13-15 | 16-18 || total
-------------------------+-------+-------+-------+-------+-------+-------++-------
Melee: Dagger            |     3 |       |       |       |       |       ||     3
       Unarmed           |    72 |   106 |   202 |   654 |   840 |   288 ||  2162
       Punch             |       |     1 |    14 |    52 |    93 |    37 ||   197
       Hand axe          |       |       |       |       |    40 |       ||    40
Throw: Dart              |       |       |     2 |     3 |       |       ||     5
       Throwing net      |       |       |       |       |     1 |     2 ||     3
       Large rock        |       |       |       |       |       |    35 ||    35
 Cast: Frozen Ramparts   |       |       |       |    12 |    12 |       ||    24
       Ozocubu's Armour  |       |       |       |    11 |    27 |       ||    38
       Ice Form          |       |       |       |       |    19 |       ||    19
Invok: Temporal Distorti |       |       |       |     2 |       |       ||     2
       Slouch            |       |       |       |       |     3 |     1 ||     4
 Abil: End Transformatio |       |       |       |       |     2 |       ||     2
Evoke: Wand              |       |     3 |     4 |    33 |    12 |     5 ||    57
  Use: Potion            |       |     4 |     6 |    11 |     2 |     1 ||    24
       Scroll            |       |       |       |    16 |    14 |     3 ||    33
 Stab: Sleeping          |     5 |     6 |     1 |     8 |     4 |     3 ||    27
       Distracted        |       |       |       |     1 |     3 |       ||     4
       Paralysed         |       |       |       |     5 |     1 |       ||     6
       Held in net/web   |       |       |       |       |       |     1 ||     1
Armor: Robe              |    33 |    38 |    54 |   182 |    99 |       ||   406
       Skin              |       |    11 |     9 |    18 |    22 |       ||    60
       Troll leather arm |       |       |       |       |    45 |    41 ||    86
Dodge: Dodged            |    34 |    53 |    80 |   496 |   699 |   282 ||  1644
Block: Other             |       |       |       |    64 |   154 |       ||   218
       Reflection        |       |       |       |     1 |     2 |       ||     3

Table legend: (Time is in decaauts)
 A = Elapsed time spent in this place.
 B = Non-inter-level travel time spent in this place.
 C = Inter-level travel time spent in this place.
 D = Time resting spent in this place.
 E = Time spent auto-exploring this place.
 F = Levels seen in this place.
 G = Mean time per level.
                   A        B        C        D        E       F      G
               +--------+--------+--------+--------+--------+-----+--------+
         Total |  41255 |  38867 |   2388 |   5247 |  23889 |  29 | 1422.6 |
       Dungeon |  22251 |  20665 |   1586 |   3052 |  13554 |  15 | 1483.4 |
        Temple |     99 |     73 |     26 |     38 |     28 |   1 |   99.0 |
          Lair |  12050 |  11463 |    587 |   1189 |   8413 |   6 | 2008.3 |
  Orcish Mines |   4405 |   4217 |    188 |    602 |   1595 |   2 | 2202.5 |
   Elven Halls |    213 |    213 |      0 |      0 |      0 |   1 |  213.0 |
         Abyss |    722 |    722 |      0 |    110 |     52 |   2 |  361.0 |
        Wizlab |    832 |    832 |      0 |    188 |      0 |   1 |  832.0 |
      Gauntlet |    679 |    679 |      0 |     66 |    246 |   1 |  679.0 |
               +--------+--------+--------+--------+--------+-----+--------+

Top non-repeatable levels by time:
   Orc:2: 3455 daAuts
  Lair:6: 3110 daAuts
    D:10: 2780 daAuts
     D:9: 2703 daAuts
  Lair:4: 2654 daAuts
    D:13: 2521 daAuts
    D:15: 2273 daAuts
  Lair:1: 2110 daAuts
    D:12: 1790 daAuts
    D:11: 1673 daAuts
    D:14: 1577 daAuts
     D:6: 1525 daAuts
  Lair:5: 1474 daAuts
  Lair:2: 1384 daAuts
  Lair:3: 1315 daAuts
